 Dungeon Crawl Stone Soup version 0.24.0-13-gcf9b3192b9 (webtiles) character file.

Game seed: 13998236778890975879, levelgen mode: deterministic

9 Iscandelvey the Vexing (level 2, 20/21 HPs)
             Began as a Demonspawn Arcane Marksman on Nov 6, 2019.
             Quit the game on level 1 of the Dungeon.
             The game lasted 00:00:13 (202 turns).

Iscandelvey the Vexing (Demonspawn Arcane Marksman)  Turns: 202, Time: 00:00:14

Health: 20/21      AC:  2    Str: 10    XL:     2   Next: 3%
Magic:  3/3        EV: 12    Int: 14    God:
Gold:   22         SH:  0    Dex: 13    Spells: 2/3 levels left

rFire    . . .     SeeInvis .   a - +0 hunting sling
rCold    . . .     Gourm    .   (no shield)
rNeg     . . .     Faith    .   e - +0 robe
rPois    .         Spirit   .   (no helmet)
rElec    .         Reflect  .   (no cloak)
rCorr    .         Harm     .   (no gloves)
MR       .....                  (no boots)
Stlth    +.........             (no amulet)
HPRegen  0.07/turn              (no ring)
MPRegen  0.08/turn              (no ring)

@: no status effects
A: sturdy frame 1
a: no special abilities


You were on level 1 of the Dungeon.
You were not hungry.

You visited 1 branch of the dungeon, and saw 1 of its levels.

You collected 22 gold pieces.

Inventory:

Hand Weapons
 a - a +0 hunting sling (weapon)
Missiles
 c - 39 stones
 d - 10 sling bullets (quivered)
Armour
 e - a +0 robe (worn)
Scrolls
 g - a scroll of enchant armour {unknown}
Potions
 b - a potion of curing {unknown}
Comestibles
 f - a ration


   Skills:
 + Level 1.0 Fighting
 + Level 2.3 Slings
 + Level 1.8 Dodging
 + Level 1.0 Spellcasting
 + Level 3.1 Hexes


You had 2 spell levels left.
You knew the following spells:

 Your Spells              Type           Power        Failure   Level  Hunger
a - Corona                Hex            #......      8%          1    ##.....

Your spell library contained the following spells:

 Spells                   Type           Power        Failure   Level  Hunger
 Slow                     Hex            #.......     11%         2    ###....
 Inner Flame              Hex/Fire       #.......     38%         3    ####...
 Portal Projectile        Hex/Tloc       #.....       38%         3    ####...
 Cause Fear               Hex            #.........   58%         4    #####..
 Leda's Liquefaction      Hex/Erth       #.........   80%         4    #####..


Dungeon Overview and Level Annotations

Branches:
Dungeon (1/15)

Altars:


Innate Abilities, Weirdness & Mutations

Your movements are slightly less encumbered by armour. (ER -2)


Message History

You shoot a sling bullet. The goblin shouts!
The sling bullet hits the hobgoblin!
You kill the hobgoblin!
A goblin is nearby!
Firing (i - inventory. (/) - cycle)
d - 12 sling bullets (quivered)
Press: ? - help, Shift-Dir - straight line, f - goblin
Aim: a goblin, wielding a +0 club You shoot a sling bullet.
The sling bullet hits the goblin but does no damage.
A goblin is nearby!
Firing (i - inventory. (/) - cycle)
d - 11 sling bullets (quivered)
Press: ? - help, Shift-Dir - straight line, f/p - goblin
Aim: a goblin, wielding a +0 club You shoot a sling bullet.
The sling bullet hits the goblin!
You kill the goblin!
You have reached level 2!
Your demonic ancestry asserts itself...
You feel less encumbered by your armour.
Are you sure you want to abandon this character and quit the game? (Confirm with "yes".)

#......#[...####............
#......#....................
.####......#....................
.................................
...####...................####.#.
. #.......#......^....# .#
#....###............. #.......#
#.......... #........ #..@.......
#.........#.........>
.................$####
..##..............#
................. .......(......
....#..(...(... ....#..........


There were no monsters in sight!

Vanquished Creatures
  2 giant cockroaches (D:1)
  A goblin (D:1)
  A hobgoblin (D:1)
  A frilled lizard (D:1)
  4 rats (D:1)
9 creatures vanquished.

Notes
Turn   | Place    | Note
-------+----------+-------------------------------------------
     0 | D:1      | Iscandelvey the Demonspawn Arcane Marksman began the quest
                  | for the Orb.
     0 | D:1      | Reached XP level 1. HP: 15/15 MP: 2/2
   201 | D:1      | Gained mutation: Your movements are slightly less
                  | encumbered by armour. (ER -2) [demonic ancestry]
   201 | D:1      | Reached XP level 2. HP: 19/21 MP: 3/3
   202 | D:1      | Quit the game

Levels and vault maps discovered:
D:1:      onia_arrival_larder, layout_basic

Skill      XL: |  1 |
---------------+----+-----
Slings         | 2 |  2.3
Fighting       | |  1.0
Dodging        | |  1.8
Spellcasting   | |  1.0
Hexes          | |  3.1

Action                   || total
-------------------------++-------
 Fire: Hunting sling     ||    40
Armor: Robe              ||     2
Dodge: Dodged            ||    17
